 Dungeon Crawl Stone Soup version 0.20.1-1-g8b1a95d (webtiles) character file.

270 Schiappus the Chopper (level 6, -12/48 HPs)
             Began as a Demonspawn Berserker on Sept 18, 2017.
             Was a Believer of Trog.
             Mangled by an ogre
             ... wielding a +0 giant club
              (30 damage)
             ... on level 4 of the Dungeon.
             The game lasted 00:10:57 (2947 turns).

Schiappus the Chopper (Demonspawn Berserker)        Turns: 2947, Time: 00:10:58

Health: -12/48     AC:  5    Str: 18    XL:     6   Next: 1%
Magic:  6/6        EV: 10    Int:  9    God:    Trog [**....]
Gold:   90         SH:  0    Dex: 13    Spells: 5/5 levels left

rFire    . . .     SeeInvis .   a - +0 hand axe
rCold    . . .     Gourm    .   (no shield)
rNeg     . . .     Faith    .   f - +0 scale mail
rPois    .         Spirit   .   (helmet restricted)
rElec    .         Reflect  .   j - +0 cloak
rCorr    +         Harm     .   (no gloves)
MR       .....                  (no boots)
Stlth    ..........             b - amulet of inaccuracy (curse)
Regen    0.2/turn               i - ring of resist corrosion (curse)
MPRegen  0.1/turn               p - -3 ring of protection (curse)

@: lethally poisoned (-12 -> -16)
A: antennae 1, talons 1, powered by pain 1
a: Berserk, Trog's Hand, Burn Spellbooks, Renounce Religion


You were on level 4 of the Dungeon.
You worshipped Trog.
Trog was pleased with you.
You were not hungry.

You visited 1 branch of the dungeon, and saw 4 of its levels.

You collected 90 gold pieces.

Inventory:

Hand Weapons
 a - a +0 hand axe (weapon)
Armour
 f - a +0 scale mail (worn)
 j - a +0 cloak (worn)
Jewellery
 b - a cursed amulet of inaccuracy (around neck)
 i - a cursed ring of resist corrosion (left hand)
 n - an uncursed ring of wizardry
 o - a +2 ring of dexterity
 p - a cursed -3 ring of protection (right hand)
Scrolls
 e - a scroll of magic mapping
 h - a scroll of teleportation
Potions
 d - a potion of invisibility
 g - a potion of curing
Comestibles
 c - 2 bread rations
 k - a chunk of flesh
 m - a royal jelly


   Skills:
 + Level 3.8 Fighting
 + Level 4.1 Axes
 + Level 3.9 Armour
 + Level 2.2 Dodging
 + Level 0.4 Stealth


You had 5 spell levels left.
You didn't know any spells.

Dungeon Overview and Level Annotations

Branches:
Dungeon (4/15)
 Temple: D:4-7

Altars:


Innate Abilities, Weirdness & Mutations

You have a pair of small antennae on your head.
You have sharp toenails.
You sometimes gain a little power by taking damage.


Message History

The worker ant twitches its antennae in your direction.
The ogre misses you.
You slash the ogre! You claw the ogre.
The ogre is heavily wounded.
The ogre hits you with a giant club!!
You hit the ogre. You claw the ogre.
The ogre is heavily wounded.
You hit the worker ant. The worker ant bites you.
You are poisoned.
The worker ant poisons you!
You hit the ogre but do no damage. You claw the ogre!
The ogre is almost dead.
You hit the worker ant but do no damage.
You feel sick. The worker ant bites you. The ogre completely misses you.
The worker ant bites you.
You closely miss the ogre. Your kick misses the ogre.
The ogre is almost dead.
You hit the worker ant.
You feel sick. The ogre hits you with a giant club!!
Ouch! That really hurt!
You die...

.##### .
......# ..
#.....# ...
#....# ....
#....# .....
##....#
......###.....#
...%..O@......#
......a.##....#
.......###<...#
.....## ######
..... .... ..#
..


You could see an ogre and a worker ant.

Vanquished Creatures
  An ogre (D:3)
  An orc wizard (D:3)
  Terence (D:3)
  3 gnolls (D:2)
  4 adders
  A worm (D:2)
  A dart slug (D:2)
  3 leopard geckos
  3 orcs
  A ball python (D:2)
  8 bats
  A giant cockroach (D:1)
  7 goblins
  2 hobgoblins
  8 jackals
  4 kobolds
  A quokka (D:2)
  2 frilled lizards (D:1)
  13 rats
65 creatures vanquished.

Notes
Turn   | Place    | Note
-------+----------+-------------------------------------------
     0 | D:1      | Schiappus the Demonspawn Berserker began the quest for the Orb.
     0 | D:1      | Reached XP level 1. HP: 18/18 MP: 1/1
    13 | D:1      | Noticed a rime drake
    13 | D:1      | Noticed a black bear
    14 | D:1      | Noticed a wolf
    14 | D:1      | Noticed a killer bee
    87 | D:1      | Reached skill level 3 in Axes
    87 | D:1      | Gained mutation: You have sharp toenails. [demonic ancestry]
    87 | D:1      | Reached XP level 2. HP: 19/24 MP: 2/2
   515 | D:1      | Gained mutation: You sometimes gain a little power by taking damage. [demonic ancestry]
   515 | D:1      | Reached XP level 3. HP: 29/29 MP: 3/3
   787 | D:2      | Reached ** piety under Trog
  1164 | D:2      | Gained mutation: You have a pair of small antennae on your head. [demonic ancestry]
  1164 | D:2      | Reached XP level 4. HP: 10/35 MP: 4/4
  2150 | D:3      | Noticed an ogre
  2158 | D:3      | Killed an ogre
  2158 | D:3      | Reached skill level 4 in Axes
  2158 | D:3      | Reached XP level 5. HP: 2/41 MP: 5/5
  2689 | D:3      | Noticed Terence
  2710 | D:3      | Killed Terence
  2847 | D:3      | Reached XP level 6. HP: 37/48 MP: 6/6
  2947 | D:4      | Mangled by an ogre

Skill      XL: |  1  2  3  4 |
---------------+-------------+-----
Axes           | 3 4 |  4.1
Armour         | 2 3 |  3.9
Dodging        | 2 |  2.2
Fighting       | |  3.8
Stealth        | |  0.4

Action                   |  1- 3 |  4- 6 || total
-------------------------+-------+-------++-------
Melee: Hand axe          |    97 |   104 ||   201
       Kick              |    19 |    30 ||    49
  Use: Scroll            |     5 |     4 ||     9
       Potion            |     4 |     1 ||     5
  Eat: Chunk             |     1 |     4 ||     5
       Royal jelly       |       |     1 ||     1
Armor: Animal skin       |     7 |       ||     7
       Scale mail        |    40 |    45 ||    85
Dodge: Dodged            |    65 |    50 ||   115
